Workbook
Name DIAS_AUSENCIAS_LEGAIS: '[1]DADOS-ESTATISTICOS'!$F$29
Name DIAS_LICENCA_MATERNIDADE: '[1]DADOS-ESTATISTICOS'!$F$35
Name DIAS_LICENCA_PATERNIDADE: '[1]DADOS-ESTATISTICOS'!$F$30
Name DIAS_NO_MES: '[1]DADOS-ESTATISTICOS'!$F$24
Name DIAS_PAGOS_EMPRESA_ACID_TRAB: '[1]DADOS-ESTATISTICOS'!$F$34
Name MESES_NO_ANO: '[1]DADOS-ESTATISTICOS'!$F$8
Name PERC_EMPREG_AFAST_TRAB: '[1]DADOS-ESTATISTICOS'!$F$33
Name PERC_GPS_FGTS: '12 x 36 Noturno'!#REF!
Name PERC_GPS_FGTS: '12X 36 Diurno'!#REF!
Name PERC_GPS_FGTS: #REF!
Name PERC_NASCIDOS_VIVOS_POPUL_FEM: '[1]DADOS-ESTATISTICOS'!$F$31
Name PERC_PARTIC_FEM_VIGIL: '[1]DADOS-ESTATISTICOS'!$F$36
Name PERC_PARTIC_MASC_VIGIL: '[1]DADOS-ESTATISTICOS'!$F$32
Name PERC_SUBSTITUTO_OUTRAS_AUSENCIAS: '[1]INSERÇÃO-DE-DADOS'!$F$51

Sheet Resumo
A1: RESUMO
A2: Tipo de Serviço | C2: Valor por Empregado | D2: Qtde. de Empregados por Posto | E2: Valor por Posto | F2: Qtde. de Postos | G2: Valor Total do Serviço
A3: (A) | C3: (B) | D3: ( C) | E3: (D) = (B x C) | F3: (E) | G3: (F) = (D x E)
A4: 1 | B4: Segunda a domingo (12 horas noturnas) | C4: ='12 x 36 Noturno'!D122 -> 9305.73 | D4: 2 | E4: =TRUNC('12 x 36 Noturno'!D123,2) -> 18611.46 | F4: 1 | G4: =TRUNC(E4*F4,2) -> 18611.46
A5: 2 | B5: Segunda a domingo (12 horas diurno) | C5: ='12X 36 Diurno'!D122 -> 8609.19 | D5: 2 | E5: =TRUNC('12X 36 Diurno'!D123,2) -> 17218.38 | F5: 1 | G5: =TRUNC(E5*F5,2) -> 17218.38
A6: Valor Mensal dos Serviços | G6: =SUM(G4:G5) -> 35829.84
A7: Valor Total (12 Meses) | G7: =ROUNDUP(G6*12,1) -> 429958.1

Sheet 12X 36 Diurno
A1: PLANILHA DE CUSTOS E FORMAÇÃO DE PREÇOS
A4: DISCRIMINAÇÃO DOS SERVIÇOS
A5: Vigilância – 12 horas DIURNAS, de segunda a domingo, em turnos de 12x36 horas.
A6: 1. MÓDULOS
A7: Mão de obra
A8: Mão de obra vinculada à execução contratual
A9: Dados para composição dos custos referentes a mão de obra
A10: 1 | B10: Tipo de serviço (mesmo serviço com características distintas)
A11: 2 | B11: Classificação Brasileira de Ocupações (CBO) | D11: CBO517330
A12: 3 | B12: Salário Normativo da Categoria Profissional | D12: 2536
A13: 4 | B13: Categoria Profissional (vinculada à execução contratual) | D13: SIND DOS VIGILANTE
A14: 5 | B14: Data-Base da Categoria (dia/mês/ano) | D14: 2026 a 2027
A16: Módulo 1 – Composição da Remuneração
A17: 1 | B17: Composição da Remuneração | D17: Valor (R$)
A18: A | B18: Salário-Base | D18: 2536
A19: B | B19: Adicional de Periculosidade | D19: =D18*30% -> 760.8
A20: C | B20: Adicional de Insalubridade
A21: D | B21: Adicional Noturno
A22: E | B22: Adicional de Hora Noturna Reduzida
A23: F | B23: Outros (especificar)
B24: Total | D24: =SUM(D18:D23) -> 3296.8
A26: Módulo 2 – Encargos e Benefícios Anuais, Mensais e Diários
A27: Submódulo 2.1 – 13º (décimo terceiro) Salário e Adicional de Férias
A28: 2.1 | B28: 13º (décimo terceiro) Salário, Férias e Adicional de Férias | D28: Valor (R$)
A29: A | B29: 13º (décimo terceiro) Salário | C29: =1/12 -> 0.083333333 | D29: =D24*C29 -> 274.73333
A30: B | B30: Adicional de Férias | C30: =(1/3)/12 -> 0.027777778 | D30: =D24*C30 -> 91.577778
B31: Total | C31: =SUM(C29:C30) -> 0.11111111 | D31: =SUM(D29:D30) -> 366.31111
A33: Submódulo 2.2 – Encargos Previdenciários (GPS), Fundo de Garantia por Tempo
A34: de Serviço (FGTS) e outras contribuições.
A35: 2.2 | B35: GPS, FGTS e outras contribuições | C35: Percentual (%) | D35: Valor (R$)
A36: A | B36: INSS | C36: 0.2 | D36: =(D24+D31)*C36 -> 732.62222
A37: B | B37: Salário Educação | C37: 0.025 | D37: =(D24+D31)*C37 -> 91.577778
A38: C | B38: SAT | C38: 0.03 | D38: =(D24+D31)*C38 -> 109.89333
A39: D | B39: SESC ou SESI | C39: 0.015 | D39: =(D24+D31)*C39 -> 54.946667
A40: E | B40: SENAI – SENAC | C40: 0.01 | D40: =(D24+D31)*C40 -> 36.631111
A41: F | B41: SEBRAE | C41: 0.006 | D41: =(D24+D31)*C41 -> 21.978667
A42: G | B42: INCRA | C42: 0.002 | D42: =(D24+D31)*C42 -> 7.3262222
A43: H | B43: FGTS | C43: 0.08 | D43: =(D24+D31)*C43 -> 293.04889
B44: Total | C44: =SUM(C36:C43) -> 0.368 | D44: =SUM(D36:D43) -> 1348.0249
A46: Submódulo 2.3 – Benefícios Mensais e Diários
A47: 2.3 | B47: Benefícios Mensais e Diários | D47: Valor (R$)
A48: A | B48: Transporte | D48: =(2*15*6)-(6%*D18) -> 27.84
A49: B | B49: Auxílio-Refeição/Alimentação | C49: 56 | D49: =(C49*15)*80% -> 672
A50: C | B50: Assistência Médica e Familiar | D50: 128.92
A51: D | B51: Fundo de Formação Profissional (mensal) | D51: 10
A52: E | B52: Seguro de vida//invalidez e funeral | D52: 25
A53: F | B53: Auxílio-Refeição/Alimentação nas férias | D53: =((C49*15)*80%)/12 -> 56
B54: Total | D54: =SUM(D48:D53) -> 919.76
A56: Quadro-Resumo do Módulo 2 – Encargos e Benefícios anuais, mensais e diários
A57: 2 | B57: Encargos e Benefícios Anuais, Mensais e Diários | D57: Valor (R$)
A58: 2.1 | B58: 13º (décimo terceiro) Salário, Férias e Adicional de Férias | D58: =D31 -> 366.31111
A59: 2.2 | B59: GPS, FGTS e outras contribuições | D59: =D44 -> 1348.0249
A60: 2.3 | B60: Benefícios Mensais e Diários | D60: =D54 -> 919.76
B61: Total | D61: =SUM(D58:D60) -> 2634.096
A63: Módulo 3 – Provisão para Rescisão
A64: 3 | B64: Provisão para Rescisão | C64: Percentual (%) | D64: Valor (R$)
A65: A | B65: Aviso Prévio Indenizado | C65: =((1/12)*0.05)*100% -> 0.0041666667 | D65: =(D24)*C65 -> 13.736667
A66: B | B66: Incidência do FGTS sobre o Aviso Prévio Indenizado | C66: =8%*C65 -> 0.00033333333 | D66: =(D24)*C66 -> 1.0989333
A67: C | B67: Multa do FGTS e contribuição social sobre o Aviso Prévio Indenizado | C67: =((1+2/12+(1/3*1/12))*0.08*0.4*0.9) -> 0.0344 | D67: =(D24)*C67 -> 113.40992
A68: D | B68: Aviso Prévio Trabalhado | C68: =(1/30*7)/12 -> 0.019444444 | D68: =(D24)*C68 -> 64.104444
A69: E | B69: Incidência de GPS, FGTS e outras contribuições sobre o Aviso Prévio Trabalhado | C69: =C68*C44 -> 0.0071555556 | D69: =(D24)*C69 -> 23.590436
A70: F | B70: Multa do FGTS e contribuição social sobre o Aviso Prévio Trabalhado | C70: =C68*0.08*0.4 -> 0.00062222222 | D70: =(D24)*C70 -> 2.0513422
B71: Total | C71: =SUM(C65:C70) -> 0.066122222 | D71: =SUM(D65:D70) -> 217.99174
A73: Módulo 4 – Custo de Reposição do Profissional Ausente
A74: Submódulo 4.1 – Substituto de Ausências Legais
A75: 4.1 | B75: Substituto de Ausências Legais | C75: Percentual (%) | D75: Valor (R$)
A76: A | B76: Substituto na cobertura de Férias | C76: =(1/12) -> 0.083333333 | D76: =(D24)*C76 -> 274.73333
A77: B | B77: Substituto na cobertura de Ausências Legais | C77: =(8/30)/12 -> 0.022222222 | D77: =(D24)*C77 -> 73.262222
A78: C | B78: Substituto na cobertura de Licença Paternidade | C78: =((20/30)/12)*(1.416%)*45.22% -> 0.00035573067 | D78: =(D24)*C78 -> 1.1727729
A79: D | B79: Substituto na cobertura de Ausência por acidente de trabalho | C79: =(15/365)*8% -> 0.0032876712 | D79: =(D24)*C79 -> 10.838795
A80: E | B80: Substituto na cobertura de Afastamento Maternidade | C80: =0.121*0.03*((4/12)) -> 0.00121 | D80: =(D24)*C80 -> 3.989128
A81: F | B81: Substituto na cobertura de Outras ausências (especificar) | C81: 0.0006 | D81: =$D$24*C81 -> 1.97808
B82: Total | C82: =SUM(C76:C81) -> 0.11100896 | D82: =SUM(D76:D81) -> 365.97433
A84: Submódulo 4.2 – Substituto na Intrajornada
A85: 4.2 | B85: Substituto na Intrajornada | D85: Valor (R$)
A86: A | B86: Substituto na cobertura de Intervalo para repouso ou alimentação | D86: =(D24/220)*1.5*15 -> 337.17273
B87: Total | D87: =D86 -> 337.17273
A89: Quadro-Resumo do Módulo 4 – Custo de Reposição do Profissional Ausente
A90: 4 | B90: Custo de Reposição do Profissional Ausente | D90: Valor (R$)
A91: 4.1 | B91: Substituto nas Ausências Legais | D91: =D82 -> 365.97433
A92: 4.2 | B92: Substituto na Intrajornada | D92: =D87 -> 337.17273
B93: Total | D93: =SUM(D91:D92) -> 703.14706
A95: Módulo 5 – Insumos Diversos
A96: 5 | B96: Insumo Diversos | D96: Valor (R$)
A97: A | B97: Equipamentos Coletivos Por Postos | D97: =' Insumos'!F25 -> 4.5554167
A98: B | B98: Equipamentos individuais
A99: C | B99: Uniformes | D99: =' Insumos'!F16 -> 143.385
A100: D | B100: Outros (especificar)
B101: Total | D101: =SUM(D97:D100) -> 147.94042
A103: Módulo 6 – Custos Indiretos, Tributos e Lucro
A104: 6 | B104: Custos Indiretos, Tributos e Lucro | C104: Percentual (%) | D104: Valor (R$)
A105: A | B105: Custos Indiretos | C105: 0.06 | D105: =D120*C105 -> 419.99851
A106: B | B106: Lucro | C106: 0.0679 | D106: =(D120+D105)*C106 -> 503.81622
A107: C | B107: Tributos
B108: C.1. Tributos Federais ( PIS ) | C108: 0.0065 | D108: =(($D$120+$D$105+$D$106)/(1-$C$107))*C108 -> 51.504635
B109: C.2. Tributos Estaduais ( Confins ) | C109: 0.03 | D109: =(($D$120+$D$105+$D$106)/(1-$C$107))*C109 -> 237.7137
B110: C.3. Tributos Municipais ( ISS ) | C110: 0.05 | D110: =(($D$120+$D$105+$D$106)/(1-$C$107))*C110 -> 396.1895
B111: Total | C111: =(C105+C106+C107+C108+C109+C110) -> 0.2144 | D111: =SUM(D105:D110) -> 1609.2226
A113: 2. QUADRO-RESUMO DO CUSTO POR EMPREGADO
B114: Mão de obra vinculada à execução contratual (valor por empregado) | D114: Valor (R$)
...

Sheet 12 x 36 Noturno
A1: PLANILHA DE CUSTOS E FORMAÇÃO DE PREÇOS
A4: DISCRIMINAÇÃO DOS SERVIÇOS
A5: Vigilância – 12 horas NOTURNAS, de segunda a domingo, em turnos de 12x36 horas.
A6: 1. MÓDULOS
A7: Mão de obra
A8: Mão de obra vinculada à execução contratual
A9: Dados para composição dos custos referentes a mão de obra
A10: 1 | B10: Tipo de serviço (mesmo serviço com características distintas)
A11: 2 | B11: Classificação Brasileira de Ocupações (CBO) | D11: CBO517330
A12: 3 | B12: Salário Normativo da Categoria Profissional | D12: 2536
A13: 4 | B13: Categoria Profissional (vinculada à execução contratual) | D13: SIND DOS VIGILANTE
A14: 5 | B14: Data-Base da Categoria (dia/mês/ano) | D14: 2026 a 2027
A16: Módulo 1 – Composição da Remuneração
A17: 1 | B17: Composição da Remuneração | D17: Valor (R$)
A18: A | B18: Salário-Base | D18: 2536
A19: B | B19: Adicional de Periculosidade | D19: =D18*30% -> 760.8
A20: C | B20: Adicional de Insalubridade
A21: D | B21: Adicional Noturno | C21: 0.2 | D21: =((D18+D19)/220)*C21*105 -> 314.69455
A22: E | B22: Adicional de Hora Noturna Reduzida
A23: F | B23: Outros (especificar)
B24: Total | D24: =SUM(D18:D23) -> 3611.4945
A26: Módulo 2 – Encargos e Benefícios Anuais, Mensais e Diários
A27: Submódulo 2.1 – 13º (décimo terceiro) Salário e Adicional de Férias
A28: 2.1 | B28: 13º (décimo terceiro) Salário, Férias e Adicional de Férias | D28: Valor (R$)
A29: A | B29: 13º (décimo terceiro) Salário | C29: =1/12 -> 0.083333333 | D29: =D24*C29 -> 300.95788
A30: B | B30: Adicional de Férias | C30: =(1/3)/12 -> 0.027777778 | D30: =D24*C30 -> 100.31929
B31: Total | C31: =SUM(C29:C30) -> 0.11111111 | D31: =SUM(D29:D30) -> 401.27717
A33: Submódulo 2.2 – Encargos Previdenciários (GPS), Fundo de Garantia por Tempo
A34: de Serviço (FGTS) e outras contribuições.
A35: 2.2 | B35: GPS, FGTS e outras contribuições | C35: Percentual (%) | D35: Valor (R$)
A36: A | B36: INSS | C36: 0.2 | D36: =(D24+D31)*C36 -> 802.55434
A37: B | B37: Salário Educação | C37: 0.025 | D37: =(D24+D31)*C37 -> 100.31929
A38: C | B38: SAT | C38: 0.03 | D38: =(D24+D31)*C38 -> 120.38315
A39: D | B39: SESC ou SESI | C39: 0.015 | D39: =(D24+D31)*C39 -> 60.191576
A40: E | B40: SENAI – SENAC | C40: 0.01 | D40: =(D24+D31)*C40 -> 40.127717
A41: F | B41: SEBRAE | C41: 0.006 | D41: =(D24+D31)*C41 -> 24.07663
A42: G | B42: INCRA | C42: 0.002 | D42: =(D24+D31)*C42 -> 8.0255434
A43: H | B43: FGTS | C43: 0.08 | D43: =(D24+D31)*C43 -> 321.02174
B44: Total | C44: =SUM(C36:C43) -> 0.368 | D44: =SUM(D36:D43) -> 1476.7
A46: Submódulo 2.3 – Benefícios Mensais e Diários
A47: 2.3 | B47: Benefícios Mensais e Diários | D47: Valor (R$)
A48: A | B48: Transporte | D48: =(2*15*6)-(6%*D18) -> 27.84
A49: B | B49: Auxílio-Refeição/Alimentação | C49: 56 | D49: =(C49*15)*80% -> 672
A50: C | B50: Assistência Médica e Familiar | D50: 128.92
A51: D | B51: Fundo de Formação Profissional (mensal) | D51: 10
A52: E | B52: Seguro de vida//invalidez e funeral | D52: 25
A53: F | B53: Auxílio-Refeição/Alimentação nas férias | D53: =((C49*15)*80%)/12 -> 56
B54: Total | D54: =SUM(D48:D53) -> 919.76
A56: Quadro-Resumo do Módulo 2 – Encargos e Benefícios anuais, mensais e diários
A57: 2 | B57: Encargos e Benefícios Anuais, Mensais e Diários | D57: Valor (R$)
A58: 2.1 | B58: 13º (décimo terceiro) Salário, Férias e Adicional de Férias | D58: =D31 -> 401.27717
A59: 2.2 | B59: GPS, FGTS e outras contribuições | D59: =D44 -> 1476.7
A60: 2.3 | B60: Benefícios Mensais e Diários | D60: =D54 -> 919.76
B61: Total | D61: =SUM(D58:D60) -> 2797.7372
A63: Módulo 3 – Provisão para Rescisão
A64: 3 | B64: Provisão para Rescisão | C64: Percentual (%) | D64: Valor (R$)
A65: A | B65: Aviso Prévio Indenizado | C65: =((1/12)*0.05)*100% -> 0.0041666667 | D65: =(D24)*C65 -> 15.047894
A66: B | B66: Incidência do FGTS sobre o Aviso Prévio Indenizado | C66: =8%*C65 -> 0.00033333333 | D66: =(D24)*C66 -> 1.2038315
A67: C | B67: Multa do FGTS e contribuição social sobre o Aviso Prévio Indenizado | C67: =((1+2/12+(1/3*1/12))*0.08*0.4*0.9) -> 0.0344 | D67: =(D24)*C67 -> 124.23541
A68: D | B68: Aviso Prévio Trabalhado | C68: =(1/30*7)/12 -> 0.019444444 | D68: =(D24)*C68 -> 70.223505
A69: E | B69: Incidência de GPS, FGTS e outras contribuições sobre o Aviso Prévio Trabalhado | C69: =C68*C44 -> 0.0071555556 | D69: =(D24)*C69 -> 25.84225
A70: F | B70: Multa do FGTS e contribuição social sobre o Aviso Prévio Trabalhado | C70: =C68*0.08*0.4 -> 0.00062222222 | D70: =(D24)*C70 -> 2.2471522
B71: Total | C71: =SUM(C65:C70) -> 0.066122222 | D71: =SUM(D65:D70) -> 238.80004
A73: Módulo 4 – Custo de Reposição do Profissional Ausente
A74: Submódulo 4.1 – Substituto de Ausências Legais
A75: 4.1 | B75: Substituto de Ausências Legais | C75: Percentual (%) | D75: Valor (R$)
A76: A | B76: Substituto na cobertura de Férias | C76: =(1/12) -> 0.083333333 | D76: =(D24)*C76 -> 300.95788
A77: B | B77: Substituto na cobertura de Ausências Legais | C77: =(8/30)/12 -> 0.022222222 | D77: =(D24)*C77 -> 80.255434
A78: C | B78: Substituto na cobertura de Licença Paternidade | C78: =((20/30)/12)*(1.416%)*45.22% -> 0.00035573067 | D78: =(D24)*C78 -> 1.2847194
A79: D | B79: Substituto na cobertura de Ausência por acidente de trabalho | C79: =(15/365)*8% -> 0.0032876712 | D79: =(D24)*C79 -> 11.873407
A80: E | B80: Substituto na cobertura de Afastamento Maternidade | C80: =0.121*0.03*((4/12)) -> 0.00121 | D80: =(D24)*C80 -> 4.3699084
A81: F | B81: Substituto na cobertura de Outras ausências (especificar) | C81: =C68*0.08*0.4 -> 0.00062222222 | D81: =$D$24*C81 -> 2.2471522
B82: Total | C82: =SUM(C76:C81) -> 0.11103118 | D82: =SUM(D76:D81) -> 400.9885
A84: Submódulo 4.2 – Substituto na Intrajornada
A85: 4.2 | B85: Substituto na Intrajornada | D85: Valor (R$)
A86: A | B86: Substituto na cobertura de Intervalo para repouso ou alimentação | D86: =(D24)/220*1.5*15 -> 369.3574
B87: Total | D87: =D86 -> 369.3574
A89: Quadro-Resumo do Módulo 4 – Custo de Reposição do Profissional Ausente
A90: 4 | B90: Custo de Reposição do Profissional Ausente | D90: Valor (R$)
A91: 4.1 | B91: Substituto nas Ausências Legais | D91: =D82 -> 400.9885
A92: 4.2 | B92: Substituto na Intrajornada | D92: =D87 -> 369.3574
B93: Total | D93: =SUM(D91:D92) -> 770.3459
A95: Módulo 5 – Insumos Diversos
A96: 5 | B96: Insumo Diversos | D96: Valor (R$)
A97: A | B97: Equipamentos Coletivos Por Postos | D97: =' Insumos'!F25 -> 4.5554167
A98: B | B98: Equipamentos individuais
A99: C | B99: Uniformes | D99: =' Insumos'!F16 -> 143.385
A100: D | B100: Outros (especificar)
B101: Total | D101: =SUM(D97:D100) -> 147.94042
A103: Módulo 6 – Custos Indiretos, Tributos e Lucro
A104: 6 | B104: Custos Indiretos, Tributos e Lucro | C104: Percentual (%) | D104: Valor (R$)
A105: A | B105: Custos Indiretos | C105: 0.06 | D105: =D120*C105 -> 453.97908
A106: B | B106: Lucro | C106: 0.0679 | D106: =(D120+D105)*C106 -> 544.57818
A107: C | B107: Tributos
B108: C.1. Tributos Federais ( PIS ) | C108: 0.0065 | D108: =(($D$120+$D$105+$D$106)/(1-$C$107))*C108 -> 55.67169
B109: C.2. Tributos Estaduais ( Confins ) | C109: 0.03 | D109: =(($D$120+$D$105+$D$106)/(1-$C$107))*C109 -> 256.94626
B110: C.3. Tributos Municipais ( ISS ) | C110: 0.05 | D110: =(($D$120+$D$105+$D$106)/(1-$C$107))*C110 -> 428.24377
B111: Total | C111: =(C105+C106+C107+C108+C109+C110) -> 0.2144 | D111: =SUM(D105:D110) -> 1739.419
A113: 2. QUADRO-RESUMO DO CUSTO POR EMPREGADO
B114: Mão de obra vinculada à execução contratual (valor por empregado) | D114: Valor (R$)
...

Sheet  Insumos
A1: Descrição dos Insumo Diversos – Custo por Funcionário
A2: Uniformes
A3: Descrição | B3: Quantidade p/ 12 meses | C3: Valor Unit. | D3: Valor Total p/ 12 meses | E3: Valor Mensal p/ Posto | F3: Valor Mensal por funcionário | H3: 6 MESES
A4: Calça | B4: 16 | C4: 140 | D4: =B4*C4 -> 2240 | E4: =D4/12 -> 186.66667 | F4: =E4/4 -> 46.666667 | H4: 2 | I4: CALÇAS | L4: 8 | M4: 16
A5: Camisa de manga curta | B5: 16 | C5: 80.5 | D5: =B5*C5 -> 1288 | E5: =D5/12 -> 107.33333 | F5: =E5/4 -> 26.833333 | H5: 2 | I5: CAMISAS MANGA CURTA | L5: 8 | M5: 16
A6: Camisa de manga comprida | B6: 16 | C6: 89.9 | D6: =B6*C6 -> 1438.4 | E6: =D6/12 -> 119.86667 | F6: =E6/4 -> 29.966667 | H6: 2 | I6: CAMISAS MANGA LONGA | L6: 8 | M6: 16
A7: Cinto de Nylon | B7: 4 | C7: 20 | D7: =B7*C7 -> 80 | E7: =D7/12 -> 6.6666667 | F7: =E7/4 -> 1.6666667 | H7: 1 | I7: CINTO DE NYLON | L7: 4 | M7: 4
A8: Par de coturnos ou sapatos | B8: 8 | C8: 88.9 | D8: =B8*C8 -> 711.2 | E8: =D8/12 -> 59.266667 | F8: =E8/4 -> 14.816667 | H8: 2 | I8: PARES DE SAPATO | L8: 8 | M8: 8
A9: Par de meias | B9: 24 | C9: 8 | D9: =B9*C9 -> 192 | E9: =D9/12 -> 16 | F9: =E9/4 -> 4 | H9: 3 | I9: PARES DE MEIAS | L9: 12 | M9: 24
A10: Jaqueta forrada | B10: 4 | C10: 139.9 | D10: =B10*C10 -> 559.6 | E10: =D10/12 -> 46.633333 | F10: =E10/4 -> 11.658333 | H10: 1 | I10: JAQUETA DE FRIO
A11: Capa de chuva | B11: 4 | C11: 23.05 | D11: =B11*C11 -> 92.2 | E11: =D11/12 -> 7.6833333 | F11: =E11/4 -> 1.9208333 | H11: 1 | I11: CAPA DE CHUVA
A12: Cracha | B12: 4 | C12: 11.19 | D12: =B12*C12 -> 44.76 | E12: =D12/12 -> 3.73 | F12: =E12/4 -> 0.9325 | H12: 1 | I12: CRACHA
A13: Apito | B13: 4 | C13: 14.08 | D13: =B13*C13 -> 56.32 | E13: =D13/12 -> 4.6933333 | F13: =E13/4 -> 1.1733333 | H13: 1 | I13: APITO
A14: Cordão de apito | B14: 4 | C14: 5 | D14: =B14*C14 -> 20 | E14: =D14/12 -> 1.6666667 | F14: =E14/4 -> 0.41666667 | H14: 1 | I14: CORDÃO DE APITO
A15: Boné ou equivalente | B15: 8 | C15: 20 | D15: =B15*C15 -> 160 | E15: =D15/12 -> 13.333333 | F15: =E15/4 -> 3.3333333 | H15: 1 | I15: BONÉ
A16: Subtotal | D16: =SUM(D4:D15) -> 6882.48 | E16: =SUM(E4:E15) -> 573.54 | F16: =SUM(F4:F15) -> 143.385
A18: Equipamentos Coletivos Por Postos
A19: Descrição | B19: Quantidade p/ 12 meses | C19: Valor Unit. | D19: Valor Total p/ 12 meses | E19: Valor Mensal p/ Posto | F19: Valor Mensal por funcionário
A20: Livro de ocorrência | B20: 2 | C20: 16.9 | D20: =B20*C20 -> 33.8 | E20: =D20/12 -> 2.8166667 | F20: =E20/4 -> 0.70416667 | H20: 2 | I20: LIVRO
A21: Cassetete | B21: 2 | C21: 35 | D21: =B21*C21 -> 70 | E21: =D21/12 -> 5.8333333 | F21: =E21/4 -> 1.4583333 | H21: 2 | I21: CACETETE
A22: Porta cassetete | B22: 2 | C22: 20.9 | D22: =B22*C22 -> 41.8 | E22: =D22/12 -> 3.4833333 | F22: =E22/4 -> 0.87083333 | H22: 2 | I22: PORTA CACETETE
A23: Lanterna Portatil em LED recarregável | B23: 2 | C23: 36.53 | D23: =B23*C23 -> 73.06 | E23: =D23/12 -> 6.0883333 | F23: =E23/4 -> 1.5220833 | H23: 2 | I23: LANTERNA EM LED
A24: Subtotal | D24: =SUM(D23:D23) -> 73.06 | F24: 0
A25: Total geral | D25: =D16+D24 -> 6955.54 | E25: =SUM(E16,F25) -> 578.09542 | F25: =SUM(F20:F24) -> 4.5554167
